 Dungeon Crawl Stone Soup version 0.29.1-15-g9cfb28693d (webtiles) character file.

Game seed: 15190193585606181245

65 jtron the Changer (level 4, 0/32 HPs)
             Began as a Gnoll Wanderer on Mar 20, 2023.
             Slain by a gnoll
             ... wielding a +0 halberd
              (15 damage)
             ... on level 2 of the Dungeon.
             The game lasted 00:04:29 (2013 turns).

jtron the Changer (Gnoll Wanderer)                  Turns: 2013, Time: 00:04:30

Health: 0/32       AC:  2    Str: 11    XL:     4   Next: 13%
Magic:  10/11      EV: 11    Int: 14    God:
Gold:   77         SH:  0    Dex: 11    Spells: 10/13 levels left

rFire   . . .      SeeInvis .   h - +1 flail (drain)
rCold   . . .      Faith    .   (no shield)
rNeg    . . .      Spirit   .   c - +0 robe
rPois   .          Reflect  .   (no helmet)
rElec   .          Harm     .   (no cloak)
rCorr   .          Rampage  .   (no gloves)
Will    .....                   (no boots)
Stlth   +.........              (no amulet)
HPRegen 0.10/turn               g - ring of wizardry
MPRegen 0.12/turn               n - +4 ring of slaying

@: no status effects
A: fangs 1, strong nose, distributed training
a: no special abilities


You were on level 2 of the Dungeon.
You visited 1 branch of the dungeon, and saw 2 of its levels.

You collected 77 gold pieces.

Inventory:

Hand Weapons
 a - a +0 club
 b - a +0 sling
 h - a +1 flail of draining (weapon)
Missiles
 l - 14 stones
Armour
 c - a +0 robe (worn)
Jewellery
 g - a ring of wizardry (left hand)
 n - a +4 ring of slaying (right hand)
Wands
 d - a wand of flame (6) (quivered)
 m - a wand of iceblast (7)
Scrolls
 e - 2 scrolls of identify {unknown}
 f - a scroll of fear
 i - 2 scrolls of teleportation {unknown}
 j - 2 scrolls of magic mapping {unknown}
Potions
 k - a potion of mutation {unknown}


   Skills:
 + Level 1.1 Fighting
 + Level 1.1 Short Blades
 + Level 1.1 Long Blades
 + Level 1.1 Axes
 + Level 1.1 Maces & Flails
 + Level 1.1 Polearms
 + Level 1.1 Staves
 + Level 1.1 Ranged Weapons
 + Level 1.1 Throwing
 + Level 2.7 Armour
 + Level 1.1 Dodging
 + Level 1.1 Stealth
 + Level 1.1 Shields
 + Level 1.1 Unarmed Combat
 + Level 5.0 Spellcasting
 + Level 0.8 Conjurations
 + Level 0.8 Hexes
 + Level 0.8 Summonings
 + Level 0.8 Necromancy
 + Level 3.8 Translocations
 + Level 5.4 Transmutations
 + Level 0.8 Fire Magic
 + Level 0.8 Ice Magic
 + Level 0.8 Air Magic
 + Level 0.8 Earth Magic
 + Level 0.8 Poison Magic
 + Level 2.8 Invocations
 + Level 2.7 Evocations


You had 10 spell levels left.
You knew the following spells:

 Your Spells              Type           Power      Damage    Failure   Level
a - Sting                 Tmut/Pois      48%        1d5       1%          1
b - Wereblood             Tmut           18%        N/A       1%          2

Your spell library contained the following spells:

 Spells                   Type           Power      Damage    Failure   Level
 Apportation              Tloc           28%        N/A       1%          1
 Spider Form              Tmut/Pois      12%        N/A       6%          3
 Portal Projectile        Hex/Tloc       20%        N/A       9%          3


Dungeon Overview and Level Annotations

Branches:
Dungeon (2/15)

Altars:


Innate Abilities, Weirdness & Mutations

You have very sharp teeth.
Your uncanny sense of smell can sniff out nearby items.
Your experience applies equally to all skills.


Message History

The gnoll throws a stone.
The stone hits you.
You shoot a sling bullet.
The sling bullet barely misses the gnoll.
The gnoll throws a stone.
The stone barely misses you.
You shoot a sling bullet. The sling bullet hits the gnoll!
The gnoll is heavily wounded.
The gnoll throws a stone.
The stone hits you.
The gnoll throws a stone.
The stone closely misses you.
The gnoll throws a stone.
The stone closely misses you.
It was a potion of heal wounds.
You feel much better.
Casting: Sting (safe; 2% risk of failure)
Confirm with . or Enter, or press ? or * to list all spells.
Aiming: Sting (safe; 2% risk of failure)
Press: ? - help, Shift-Dir - straight line, f/p - gnoll
Aim: a gnoll, wielding a +1 flail of draining and quivering stones (heavily wounded, 75% to hit)
The sting hits the gnoll.
The gnoll is poisoned.
The gnoll is almost dead.
a - a +0 club (weapon)
The gnoll hits you with a +1 flail of draining!
You feel drained.
You closely miss the gnoll. You bite the gnoll, but do no damage.
The gnoll is almost dead.
The gnoll barely misses you.
You closely miss the gnoll. You bite the gnoll.
The gnoll is almost dead.
You kill the gnoll!
A gnoll comes into view. It is wielding a +0 halberd.
Your life force feels restored.
You have reached level 4!
You feel clever.
The gnoll shouts!
The gnoll throws a stone.
The stone hits you.
Things that are here:
a +1 flail of draining; 8 stones; a gnoll corpse
h - a +1 flail of draining You sense an unholy aura.
h - a +1 flail of draining (weapon)
You barely miss the gnoll. The gnoll closely misses you.
The gnoll hits you from afar with a +0 halberd!
You die...

####..........# ∆
#............##
#######.##..........####
##......................#
..............>..........#
.####....................#
#..................).#
#..<.........g.......#
#..........@g........#
#.........##..#......# .
#.........##..#......#
#.#.........##..#......#
#...........##..#).....##
###.........##...###....###
#...>...........###......#
...#.......####...........#
####.......[###.####......#


You could see 2 gnolls.

Vanquished Creatures
  A gnoll (D:2)
  An adder (D:1)
  A worm (D:2)
  A dart slug (D:2)
  5 bats
  3 endoplasms
  2 giant cockroaches
  5 hobgoblins
  3 quokkas
  5 ball pythons
  2 frilled lizards
  4 goblins
  2 kobolds (D:2)
  3 rats
38 creatures vanquished.

Notes
Turn   | Place    | Note
-------+----------+-------------------------------------------
     0 | D:1      | jtron the Gnoll Wanderer began the quest for the Orb.
     0 | D:1      | jtron set off with the following items: a +0 club, a scroll
                  | of fear, a +0 robe, a wand of flame (6); and the following
                  | spells available to memorise: Wereblood, Apportation,
                  | Sting, Spider Form, Portal Projectile.
     0 | D:1      | Reached XP level 1. HP: 13/13 MP: 6/6
    16 | D:1      | Learned a level 1 spell: Sting
   177 | D:1      | Reached XP level 2. HP: 11/19 MP: 5/7
   787 | D:1      | Found a faded altar of an unknown god.
   815 | D:1      | Learned a level 2 spell: Wereblood
  1101 | D:1      | Reached skill level 5 in Spellcasting
  1101 | D:1      | Reached XP level 3. HP: 25/25 MP: 6/9
  1863 | D:1      | Reached skill level 1 in Fighting
  1863 | D:1      | Reached skill level 1 in Short Blades
  1863 | D:1      | Reached skill level 1 in Long Blades
  1863 | D:1      | Reached skill level 1 in Axes
  1863 | D:1      | Reached skill level 1 in Maces & Flails
  1863 | D:1      | Reached skill level 1 in Polearms
  1863 | D:1      | Reached skill level 1 in Staves
  1863 | D:1      | Reached skill level 1 in Ranged Weapons
  1863 | D:1      | Reached skill level 1 in Throwing
  1863 | D:1      | Reached skill level 1 in Dodging
  1863 | D:1      | Reached skill level 1 in Stealth
  1863 | D:1      | Reached skill level 1 in Shields
  1863 | D:1      | Reached skill level 1 in Unarmed Combat
  2010 | D:2      | Reached XP level 4. HP: 18/32 MP: 9/11
  2013 | D:2      | Slain by a gnoll

Illustrated notes

Levels and vault maps discovered:
D:1:      dpeg_arrival_orchard, layout_basic, basic_ecumenical_altar,
          minmay_fountain_box, st_stairs_5
D:2:      layout_rooms, uniq_natasha

Skill      XL: |  1  2  3 |
---------------+----------+-----
Spellcasting   | 5 |  5.0
Fighting       | 1 |  1.1
Short Blades   | 1 |  1.1
Long Blades    | 1 |  1.1
Axes           | 1 |  1.1
Maces & Flails | 1 |  1.1
Polearms       | 1 |  1.1
Staves         | 1 |  1.1
Ranged Weapons | 1 |  1.1
Throwing       | 1 |  1.1
Dodging        | 1 |  1.1
Stealth        | 1 |  1.1
Shields        | 1 |  1.1
Unarmed Combat | 1 |  1.1
Armour         | |  2.7
Conjurations   | |  0.8
Hexes          | |  0.8
Summonings     | |  0.8
Necromancy     | |  0.8
Translocations | |  3.8
Transmutations | |  5.4
Fire Magic     | |  0.8
Ice Magic      | |  0.8
Air Magic      | |  0.8
Earth Magic    | |  0.8
Poison Magic   | |  0.8
Invocations    | |  2.8
Evocations     | |  2.7

Action                   |  1- 3 |  4- 6 || total
-------------------------+-------+-------++-------
Melee: Club              |    41 |       ||    41
       Bite              |     4 |       ||     4
       Punch             |     2 |       ||     2
       Flail             |       |     1 ||     1
 Fire: Sling             |    49 |       ||    49
 Cast: Sting             |    34 |       ||    34
  Use: Potion            |     1 |       ||     1
 Stab: Sleeping          |     1 |       ||     1
Armor: Robe              |    13 |       ||    13
Dodge: Dodged            |    53 |     1 ||    54
